 Dungeon Crawl Stone Soup version 0.19.0 (webtiles) character file.

98 Franakus the Stinger (level 4, -1/27 HPs)
             Began as an Octopode Venom Mage on Nov 1, 2016.
             Killed from afar by Sigmund (11 damage)
             ... with a puff of flame
             ... on level 3 of the Dungeon.
             The game lasted 00:19:53 (1909 turns).

Franakus the Stinger (Octopode Venom Mage)          Turns: 1909, Time: 00:19:54

Health: -1/27      AC:  1    Str:  7    XL:     4   Next: 69%
Magic:  7/8        EV: 13    Int: 18    God:
Gold:   98         SH:  0    Dex: 12    Spells: 1 memorised, 7 levels left

rFire  . . .     SeeInvis .     l - +0 hunting sling (freeze)
rCold  . . .     Gourm    .     (no shield)
rNeg   . . .     Faith    .     (helmet restricted)
rPois  .         Spirit   .     (no amulet)
rElec  .         Reflect  .     (no ring)
rCorr  .         Harm     .     (no ring)
MR     .....                    (no ring)
Stlth  ++........               (no ring)
                                (no ring)
                                (no ring)
                                (no ring)
                                (no ring)

@: confused
A: almost no armour, stealthy swim, amphibious, 8 rings, constrict 8, camouflage
1, gelatinous body 1
a: no special abilities


You were on level 3 of the Dungeon.
You were not hungry.

You visited 1 branch of the dungeon, and saw 3 of its levels.

You collected 98 gold pieces.

Inventory:

Hand Weapons
 h - a +0 short sword
 l - a +0 hunting sling of freezing (weapon)
 n - a +1 dagger of draining
 w - a +2 quarterstaff of chaos
Missiles
 p - 93 stones
 r - 18 sling bullets (quivered)
Wands
 v - a wand of polymorph (6/24)
Scrolls
 c - 2 scrolls of recharging {unknown}
 d - 2 scrolls of amnesia {unknown}
 e - a scroll of magic mapping {unknown}
 f - a scroll of noise {unknown}
 k - a scroll of remove curse {unknown}
 m - 3 scrolls of teleportation {unknown}
 o - a scroll of enchant armour {unknown}
 y - a scroll of enchant weapon {unknown}
 z - a scroll of fear {unknown}
Potions
 g - a potion of lignification {unknown}
 i - a potion of degeneration {unknown}
 s - a potion of might {unknown}
 t - 3 potions of ambrosia {unknown}
 u - a potion of heal wounds {unknown}
 x - a potion of curing {unknown}
Books
 a - a Young Poisoner's Handbook

   Spells                             Type                      Level
   a - Sting                          Conjuration/Poison           1
   b - Mephitic Cloud                 Conjuration/Poison/Air       3
   c - Olgreb's Toxic Radiance        Poison                       4
   d - Alistair's Intoxication        Transmutation/Poison         5
   e - Venom Bolt                     Conjuration/Poison           5
Comestibles
 b - a bread ration
 j - a fruit
 q - 2 meat rations


   Skills:
 + Level 0.6 Fighting
 + Level 1.5 Slings
 + Level 2.1 Dodging
 + Level 3.0 Stealth
 + Level 2.8 Spellcasting
 + Level 1.0 Conjurations
 + Level 5.6 Poison Magic


You had 7 spell levels left.
You knew the following spells:

 Your Spells              Type           Power        Failure   Level  Hunger
a - Sting                 Conj/Pois      ##..         4%          1    None


Dungeon Overview and Level Annotations

Branches:
Dungeon (3/15)

Altars:
Gozag
Kikubaaqudgha
Sif Muna

Annotations:
D:3 Sigmund


Innate Abilities, Weirdness & Mutations

You cannot wear most types of armour.
You are very stealthy in the water. (Stealth+)
You are amphibious.
You can wear up to eight rings at the same time.
You can use your tentacles to constrict eight enemies at once.
Your skin changes colour to match your surroundings (Stealth+).
Your rubbery body absorbs attacks. (AC +1, EV +1)


Message History

Aiming: Sting
Press: ? - help, Shift-Dir - straight line, f - Sigmund
Aim: Sigmund, wielding a scythe and wearing a glowing robe The sting hits Sigmund.
Sigmund appears unharmed.
Casting: Sting
Confirm with . or Enter, or press ? or * to list all spells.
Aiming: Sting
Press: ? - help, Shift-Dir - straight line, f/p - Sigmund
Aim: Sigmund, wielding a scythe and wearing a glowing robe The sting hits Sigmund.
Sigmund appears unharmed.
Sigmund hits you from afar with a scythe!
Sigmund points at you and mumbles some strange words.
You are confused.
Sigmund points at you and mumbles some strange words.
The puff of flame misses you.
A hobgoblin comes into view. It is wielding a club.
You're too confused to move!
Sigmund points at you and mumbles some strange words.
The puff of flame hits you!
You die...

_._. #######.#.# ...
.........b. ♣.♣
.#.####.######'# .#.#
#........# ...#
#####...# ##.#######
#.@########## ...[.....#
#.>..........
##.#####.###....@......g
#.# #.....###########
##.########### .......#
.......# .## .# .......#
%.##.# .......# #.##..
.......# #.##.# .......#
##### #.##.#


You could see Sigmund and a hobgoblin (sleeping).

Vanquished Creatures
  Crazy Yiuf (D:2)
  An ooze (D:2)
  2 dart slugs (D:2)
  4 leopard geckos
  6 orcs (D:3)
  A giant cockroach (D:1)
  8 goblins
  5 hobgoblins
  A jackal (D:2)
  6 kobolds
  A quokka (D:3)
  8 bats
  4 frilled lizards
  A rat (D:2)
49 creatures vanquished.

Notes
Turn   | Place    | Note
-------+----------+-------------------------------------------
     0 | D:1      | Franakus the Octopode Venom Mage began the quest for the Orb.
     0 | D:1      | Reached XP level 1. HP: 11/11 MP: 3/3
   141 | D:1      | Reached skill level 5 in Poison Magic
   197 | D:1      | Reached XP level 2. HP: 16/17 MP: 0/5
   769 | D:2      | Reached XP level 3. HP: 21/21 MP: 4/6
  1174 | D:2      | Found a runed door.
  1178 | D:2      | Noticed Crazy Yiuf
  1191 | D:2      | Killed Crazy Yiuf
  1191 | D:2      | Reached skill level 1 in Slings
  1191 | D:2      | Reached XP level 4. HP: 27/27 MP: 1/8
  1560 | D:3      | Found an opulent altar of Gozag.
  1588 | D:3      | Reached skill level 1 in Conjurations
  1879 | D:3      | Noticed Sigmund
  1899 | D:3      | Found an ancient bone altar of Kikubaaqudgha.
  1899 | D:3      | Found a deep blue altar of Sif Muna.
  1909 | D:3      | Killed from afar by Sigmund

Skill      XL: |  1  2  3  4 |
---------------+-------------+-----
Poison Magic   | 5 |  5.6
Slings         | 1 |  1.5
Conjurations   | 1 |  1.0
Stealth        | 3 |  3.0
Fighting       | |  0.6
Dodging        | |  2.1
Spellcasting   | |  2.8

Action                   |  1- 3 |  4- 6 || total
-------------------------+-------+-------++-------
Melee: Dagger            |     4 |     3 ||     7
       Short sword       |     2 |       ||     2
 Fire: Hunting sling     |    29 |    14 ||    43
 Cast: Sting             |    50 |    33 ||    83
  Eat: Chunk             |     1 |     2 ||     3
Armor: Skin              |     5 |     3 ||     8
Dodge: Dodged            |    12 |    29 ||    41
